 Dungeon Crawl Stone Soup version 0.31-a0-1589-g8f5e8aebd6 (webtiles) character file.

Game seed: 16962442234320216442

484 Newt the Poker (level 7, -1/54 HPs)
             Began as a Merfolk Gladiator on Jan 5, 2024.
             Was an Initiate of Kikubaaqudgha.
             Slain by an orc warrior
             ... wielding a +0 halberd
              (6 damage)
             ... on level 5 of the Dungeon.
             The game lasted 00:05:11 (4304 turns).

Newt the Poker (Merfolk Gladiator)                  Turns: 4304, Time: 00:05:12

Health: -1/54      AC:  4    Str: 17    XL:     7   Next: 12%
Magic:  7/7        EV: 13    Int:  7    God:    Kikubaaqudgha [......]
Gold:   252        SH:  0    Dex: 15    Spells: 4/6 levels left

rFire   . . .        w - +2 glaive (freeze)
rCold   + . .        (shield currently unavailable)
rNeg    . . .        b - +0 leather armour
rPois   .            c - +0 helmet
rElec   .            (no cloak)
rCorr   .            (no gloves)
SInv    .            (no boots)
Will    .....        (no amulet)
Stlth   +            g - ring of protection from cold
HPRegen 0.29/turn    B - ring of flight
MPRegen 0.10/turn

%: no passive effects
@: flying, studying Necromancy
A: (nimble swimmer 2), mertail
a: Renounce Religion


You were on level 5 of the Dungeon.
You worshipped Kikubaaqudgha.
Kikubaaqudgha was noncommittal.
You visited 2 branches of the dungeon, and saw 6 of its levels.

You collected 252 gold pieces.

Inventory:

Hand Weapons
 a - a +0 trident
 w - a +2 glaive of freezing (weapon)
Missiles
 d - 3 throwing nets (quivered)
 e - a javelin
Armour
 b - a +0 leather armour (worn)
 c - a +0 helmet (worn)
 F - a +2 buckler of poison resistance
Jewellery
 g - a ring of protection from cold (left hand)
 B - a ring of flight (right hand)
Wands
 q - a wand of charming (12)
Scrolls
 f - 3 scrolls of teleportation
 m - a scroll of vulnerability
 n - a scroll of poison
 o - a scroll of noise {unknown}
 p - a scroll of torment
 t - 3 scrolls of amnesia
 v - a scroll of brand weapon {unknown}
 y - a scroll of silence {unknown}
 A - a scroll of enchant armour {unknown}
 D - 5 scrolls of identify
 E - a scroll of revelation {unknown}
Potions
 h - a potion of enlightenment
 i - 2 potions of ambrosia
 j - 2 potions of magic
 k - a potion of might {unknown}
 l - a potion of heal wounds {unknown}
 r - a potion of lignification {unknown}
 s - 3 potions of curing {unknown}
 u - a potion of mutation {unknown}
 x - 2 potions of resistance {unknown}
 z - 3 potions of attraction {unknown}
 C - a potion of haste {unknown}


   Skills:
 - Level 4.0 Fighting
 - Level 7.0 Polearms
 - Level 2.0 Throwing
 - Level 4.0 Dodging
 + Level 4.6 Summonings


You had 4 spell levels left.
You knew the following spells:

 Your Spells              Type           Power      Damage    Failure   Level
a - Call Imp              Summ           12%        N/A       13%         2

Your spell library contained the following spells:

 Spells                   Type           Power      Damage    Failure   Level
 Summon Ice Beast         Ice/Summ       3%         N/A       54%         3
 Sublimation of Blood     Necr           0%         N/A       65%         2
 Hailstorm                Conj/Ice       0%         3d5       86%         3
 Sculpt Simulacrum        Ice/Alch       0%         N/A       100%        6
 Summon Hydra             Summ           3%         N/A       100%        7


Dungeon Overview and Level Annotations

Branches:
Dungeon (5/15)             Temple (1/1) D:4

Altars:
Cheibriados
Dithmenos
Elyvilon
Fedhas
Gozag
Kikubaaqudgha
Okawaru
Qazlal
Ru
Sif Muna
Trog
Uskayaw
Vehumet
Xom
Yredelemnul
Zin
The Shining One

Shops:
D:4 =

Annotations:
D:4 2 transporters, MisterAzrael's ghost, amateur MiBe


Innate Abilities, Weirdness & Mutations

((You are very nimble when in or above water. (Stealth+, EV+, Speed+++)))
Your lower body shifts to a powerful aquatic tail in water.


Message History

The orc warrior completely misses you.
Unknown command.
Reach: w) +2 glaive (freeze)
Press: ? - help, Dir - move target, f - orc warrior
Aim: an orc warrior, wielding a +0 halberd and wearing a +0 chain mail (about 43% to evade your +2 glaive of freezing)
You reach to attack!
You closely miss the orc warrior. The orc warrior barely misses you.
Unknown command.
Reach: w) +2 glaive (freeze)
Press: ? - help, Dir - move target, f/p - orc warrior
Aim: an orc warrior, wielding a +0 halberd and wearing a +0 chain mail (about 43% to evade your +2 glaive of freezing)
You reach to attack!
You barely miss the orc warrior. The orc warrior barely misses you.
Unknown command.
Reach: w) +2 glaive (freeze)
Press: ? - help, Dir - move target, f/p - orc warrior
Aim: an orc warrior, wielding a +0 halberd and wearing a +0 chain mail (about 43% to evade your +2 glaive of freezing)
You reach to attack!
You slash the orc warrior! You freeze the orc warrior.
The orc warrior is severely wounded.
The orc warrior closely misses you.
The orc warrior hits you from afar with a +0 halberd!
Reach: w) +2 glaive (freeze)
Press: ? - help, Dir - move target, f/p - orc warrior
Aim: an orc warrior, wielding a +0 halberd and wearing a +0 chain mail (severely wounded, about 43% to evade your +2 glaive of freezing)
You reach to attack!
You hit the orc warrior. You freeze the orc warrior.
The orc warrior is severely wounded.
The orc warrior hits you from afar with a +0 halberd!
* * * LOW HITPOINT WARNING * * *
Unknown command.
Reach: w) +2 glaive (freeze)
Press: ? - help, Dir - move target, f/p - orc warrior
Aim: an orc warrior, wielding a +0 halberd and wearing a +0 chain mail (severely wounded, about 43% to evade your +2 glaive of freezing)
You reach to attack!
You closely miss the orc warrior.
The orc warrior is severely wounded.
The orc warrior hits you from afar with a +0 halberd!
* * * LOW HITPOINT WARNING * * *
Unknown command.
The orc warrior hits you from afar with a +0 halberd.
You die...
Kikubaaqudgha rasps: "You have failed me!
Welcome... death!"

#. ### .. #.. #.# #.
#.# #.### #.####. #.#
#... ?.....o##.####
#..# ......o.o).†.#
#..#
#...#####.##.###..# #
........##......##
.####..o[@)......####..
#.########.<)...... #.
########## #. #


You could see an orc warrior.

Vanquished Creatures
  2 ogres
  A gnoll sergeant (D:4)
  A hound (D:4)
  Jessica (D:3)
  An orc wizard (D:5)
  3 gnolls (D:4)
  6 adders
  3 dart slugs
  A ribbon worm (D:4)
  5 orcs
  6 bats
  3 endoplasms
  5 giant cockroaches
  4 goblins
  5 hobgoblins
  4 jackals (D:2)
  8 kobolds
  7 quokkas
  8 ball pythons
  5 frilled lizards
  5 rats
84 creatures vanquished.

Notes
Turn   | Place    | Note
-------+----------+-------------------------------------------
     0 | D:1      | Newt the Merfolk Gladiator began the quest for the Orb.
     0 | D:1      | Reached XP level 1. HP: 16/16 MP: 1/1
   133 | D:1      | Reached XP level 2. HP: 23/23 MP: 2/2
   620 | D:1      | Reached XP level 3. HP: 30/30 MP: 3/3
  1131 | D:2      | Learned a level 2 spell: Call Imp
  1412 | D:2      | Reached XP level 4. HP: 37/37 MP: 4/4
  1572 | D:2      | Reached skill level 5 in Polearms
  2173 | D:3      | Found a radiant altar of Vehumet.
  2174 | D:3      | Identified 2 scrolls of acquirement
  2174 | D:3      | Acquired a +2 glaive of freezing
  2177 | D:3      | Acquired a manual of Necromancy
  2264 | D:3      | Noticed Jessica
  2271 | D:3      | Killed Jessica
  2272 | D:3      | Reached skill level 6 in Polearms
  2272 | D:3      | Reached XP level 5. HP: 31/42 MP: 5/5
  2517 | D:4      | Found a staircase to the Ecumenical Temple.
  2728 | Temple   | Entered the Ecumenical Temple
  2750 | Temple   | Became a worshipper of Kikubaaqudgha
  2990 | D:4      | Reached skill level 7 in Polearms
  2990 | D:4      | Reached skill level 1 in Summonings
  3066 | D:4      | Noticed a black bear
  3068 | D:4      | Noticed MisterAzrael's ghost (amateur MiBe)
  3069 | D:4      | Found a transporter.
  3116 | D:4      | Noticed an ogre
  3120 | D:4      | Killed an ogre
  3121 | D:4      | Reached XP level 6. HP: 41/48 MP: 6/6
  3179 | D:4      | Found Ynkeolase's Jewellery Emporium.
  3305 | D:4      | Found a transporter.
  3748 | D:5      | Entered Level 5 of the Dungeon
  3760 | D:5      | Reached XP level 7. HP: 41/54 MP: 7/7
  4304 | D:5      | Slain by an orc warrior

Illustrated notes

Levels and vault maps discovered:
D:1:      amcnicky_arrival_double_pillar, layout_loops_corners,
          roderic_roman_lattice
D:2:      minmay_chambers_of_ones, layout_loops_ring
D:3:      layout_basic, old_standard_altar, kennysheep_jessica_study
D:4:      layout_loops_ring, minmay_temple_entry_overgrown,
          gammafunk_ghost_arena, serial_shops, shop
D:5:      layout_loops_ring, minivault_24
Temple:   regret_index_temple_sphere_string

Skill      XL: |  1  2  3  4  5  6 |
---------------+-------------------+-----
Fighting       | 3 4 |  4.0
Polearms       | 6 7 |  7.0
Summonings     | 3 4 |  4.6
Throwing       | |  2.0
Dodging        | |  4.0

Action                     |  1- 3 |  4- 6 |  7- 9 || total
---------------------------+-------+-------+-------++-------
  Melee: Trident           |   127 |    51 |       ||   178
         Punch             |     1 |       |       ||     1
         Glaive            |       |    54 |    23 ||    77
    Use: Scroll            |       |    10 |       ||    10
   Stab: Sleeping          |     3 |     1 |       ||     4
 Armour: Leather armour    |    49 |    50 |    17 ||   116
  Dodge: Dodged            |    95 |    47 |    19 ||   161

Table legend: (Time is in decaauts)
 A = Elapsed time spent in this place.
 B = Non-inter-level travel time spent in this place.
 C = Inter-level travel time spent in this place.
 D = Time resting spent in this place.
 E = Time spent auto-exploring this place.
 F = Levels seen in this place.
 G = Mean time per level.
                   A        B        C        D        E       F      G
               +--------+--------+--------+--------+--------+-----+--------+
         Total |   4347 |   4176 |    171 |    993 |   2591 |   6 |  724.5 |
       Dungeon |   4096 |   3968 |    128 |    789 |   2591 |   5 |  819.2 |
        Temple |    251 |    208 |     43 |    204 |      0 |   1 |  251.0 |
               +--------+--------+--------+--------+--------+-----+--------+

Top non-repeatable levels by time:
     D:4: 1528 daAuts
     D:1: 986 daAuts
     D:2: 831 daAuts
     D:3: 691 daAuts
  Temple: 251 daAuts
     D:5: 58 daAuts
